 Dungeon Crawl Stone Soup version 0.23-a0-57-gd13e5294dc (webtiles) character file.

57336 Htamos the Champion of Chaos (level 14, -1/141 HPs)
             Began as a Deep Dwarf Fighter on Aug 9, 2018.
             Was the Champion of Makhleb.
             Slain by Frances
             ... wielding a +0 dire flail
              (13 damage)
             ... on level 2 of the Snake Pit.
             The game lasted 00:27:42 (17096 turns).

Htamos the Champion of Chaos (Deep Dwarf Fighter)  Turns: 17096, Time: 00:27:42

Health: -1/141     AC: 15    Str: 26    XL:     14   Next: 45%
Magic:  2/2        EV:  5    Int:  8    God:    Makhleb [******]
Gold:   1084       SH: 25    Dex: 12    Spells: 13/13 levels left

rFire    + . .     SeeInvis .   b - +1 broad axe
rCold    . . .     Gourm    .   q - +6 large shield
rNeg     + . .     Faith    +   t - +0 plate armour {rF+}
rPois    +         Spirit   .   (no helmet)
rElec    .         Reflect  .   (no cloak)
rCorr    .         Harm     .   (no gloves)
MR       ++...                  (no boots)
Stlth    ..........             p - amulet of faith
HPRegen  0.00/turn              j - ring of poison resistance
MPRegen  0.08/turn              A - +3 ring of slaying

@: non-regenerating, studying Shields
A: damage resistance, heal wounds, negative energy resistance 1, sense
surroundings 2, no regeneration
a: Heal Wounds, Minor Destruction, Lesser Servant of Makhleb, Major Destruction,
Greater Servant of Makhleb, Renounce Religion


You were on level 2 of the Snake Pit.
You worshipped Makhleb.
Makhleb was exalted by your worship.
You were not hungry.

You visited 4 branches of the dungeon, and saw 20 of its levels.
You also visited: Sewer, Ossuary and Volcano.

You collected 1166 gold pieces.
You spent 82 gold pieces at shops.

Inventory:

Hand Weapons
 a - a +1 hand axe of flaming
 b - a +1 broad axe (weapon)
 V - a +0 war axe
Armour
 c - a +0 shield
 m - a +0 plate armour
 q - a +6 large shield (worn)
 t - a +0 plate armour of fire resistance (worn)
 N - a +0 scale mail
Jewellery
 j - a ring of poison resistance (left hand)
 o - a +4 ring of intelligence {unknown}
 p - an amulet of faith (around neck)
 A - a +3 ring of slaying (right hand)
 C - an uncursed ring of protection from fire
Wands
 B - a wand of paralysis (31)
 L - a wand of random effects (89)
 M - a wand of disintegration (27)
 P - a wand of iceblast (17)
 T - a wand of digging (16)
 X - a wand of enslavement (19)
Scrolls
 h - 10 scrolls of remove curse
 i - 5 scrolls of magic mapping
 r - a scroll of fog
 u - 8 scrolls of teleportation
 y - 4 scrolls of amnesia
 E - 3 scrolls of vulnerability
 F - 4 scrolls of random uselessness
 H - 4 scrolls of noise
 I - 2 scrolls of immolation
 S - 3 scrolls of identify
 U - 3 scrolls of fear
Potions
 d - 5 potions of might
 e - 2 potions of berserk rage
 k - a potion of ambrosia
 l - 3 potions of haste
 n - 2 potions of brilliance
 s - 5 potions of degeneration
 v - 3 potions of flight
 w - a potion of cancellation
 x - 12 potions of curing
 z - 2 potions of magic
 D - 6 potions of agility
 G - a potion of lignification
 J - a potion of resistance
 Q - 2 potions of mutation
 Y - a potion of invisibility
Books
 K - a manual of Shields
Comestibles
 f - 32 rations
 g - 3 chunks of flesh


   Skills:
 * Level 13.3 Fighting
 + Level 11.4 Axes
 + Level 11.7 Armour
 + Level 12.1 Shields
 * Level 14.8 Invocations


You had 13 spell levels left.
You didn't know any spells.
Your spell library contained the following spells:

 Spells                   Type           Power        Failure   Level  Hunger
 Cause Fear               Hex            #.........   100%        4    #####..
 Magic Dart               Conj           #...         100%        1    ##.....
 Slow                     Hex            #.......     100%        2    ###....
 Throw Frost              Conj/Ice       #.....       100%        2    ###....
 Iskenderun's Mystic Bla  Conj           #.......     100%        4    #####..
 Animate Dead             Necr           N/A          100%        4    #####..
 Pain                     Necr           #...         100%        1    ##.....
 Animate Skeleton         Necr           N/A          100%        1    ##.....
 Vampiric Draining        Necr           #.........   100%        3    ####...
 Freeze                   Ice            #...         100%        1    ##.....
 Summon Ice Beast         Ice/Summ       #.......     100%        4    #####..
 Ozocubu's Armour         Chrm/Ice       #.......     100%        3    ####...
 Regeneration             Chrm/Necr      #.........   100%        3    ####...
 Summon Demon             Summ           #.........   100%        5    ######.
 Recall                   Summ/Tloc      N/A          100%        3    ####...
 Spider Form              Tmut/Pois      #.........   100%        3    ####...
 Blade Hands              Tmut           #.........   100%        5    ######.
 Ice Form                 Ice/Tmut       #.......     100%        4    #####..
 Throw Icicle             Conj/Ice       #.......     100%        4    #####..
 Shadow Creatures         Summ           N/A          100%        6    #######
 Sticks to Snakes         Tmut           #.......     100%        2    ###....
 Corona                   Hex            #......      100%        1    ##.....
 Portal Projectile        Hex/Tloc       #.....       100%        3    ####...
 Leda's Liquefaction      Hex/Erth       #.........   100%        4    #####..
 Shroud of Golubria       Chrm/Tloc      #.........   100%        2    ###....
 Inner Flame              Hex/Fire       #.......     100%        3    ####...
 Aura of Abjuration       Summ           #.........   100%        5    ######.
 Beastly Appendage        Tmut           #.....       100%        1    ##.....
 Fulminant Prism          Conj/Hex       #.........   100%        4    #####..
 Dazzling Spray           Conj/Hex       #.....       100%        3    ####...
 Force Lance              Conj/Tloc      #.......     100%        4    #####..
 Infusion                 Chrm           #...         100%        1    ##.....
 Song of Slaying          Chrm           #.......     100%        2    ###....
 Spectral Weapon          Hex/Chrm       #.......     100%        3    ####...
 Searing Ray              Conj           #.....       100%        2    ###....
 Summon Forest            Summ/Tloc      #.........   100%        5    ######.
 Summon Mana Viper        Hex/Summ       #.......     100%        5    ######.


Dungeon Overview and Level Annotations

Branches:
Dungeon (11/15)            Temple (1/1) D:5            Lair (6/6) D:11
 Shoals (0/4) Lair:3        Snake (2/4) Lair:3        Slime (0/5) Lair:6
    Orc: D:9-12

Altars:
Ashenzari
Cheibriados
Dithmenos
Elyvilon
Fedhas
Gozag
Hepliaklqana
Kikubaaqudgha
Makhleb
Nemelex Xobeh
Okawaru
Qazlal
Ru
Sif Muna
Trog
Uskayaw
Vehumet
Wu Jian
Xom
Yredelemnul
Zin
The Shining One

Shops:
D:5 ?:!

Portals:
Trove: D:11 (give 6 scrolls of blinking)

Annotations:
Lair:6 exclusion: 6 oklob plants
Snake:1 1 runed door, WhatIsLove's ghost, journeyman HOFi
Snake:2 Frances


Innate Abilities, Weirdness & Mutations

You are resistant to damage.
You can heal yourself by infusing magical energy.
You resist negative energy. (rN+)
You passively map the area around you.
You do not regenerate.


Message History

* * * LOW HITPOINT WARNING * * *
The sun demon hits you!!
* * * LOW HITPOINT WARNING * * *
You are engulfed in flames.
You resist.
* * * LOW HITPOINT WARNING * * *
Your balrug hits Frances with a demon whip.
Frances is engulfed in flames!
You feel better.
You feel less invigorated. The sixfirhy barely misses you.
The sixfirhy hits you!
* * * LOW HITPOINT WARNING * * *
The sixfirhy shocks you!
* * * LOW HITPOINT WARNING * * *
You block Frances's attack. You block the sixfirhy's attack.
The sun demon hits you!
* * * LOW HITPOINT WARNING * * *
You are engulfed in flames!
You resist.
* * * LOW HITPOINT WARNING * * *
Your balrug gestures at Frances.
Frances is smitten.
Frances hits you with a dire flail!
You die...

, ,, ###..#..####.# ##
....###... ##.....## ##. ,
*, #...#..... #..##..####..
, ##........##..###..#....
........#......###...... ,
,........##.....###...... ,
........##......#.......
......3..#..#........##. **
.....2@@...###......###.
,./.....3...........###.. ,
,........................ ,
....>#.................# ,
..........#..........### ,
,,,...............#........
, ,
..........##........##.. *
........... ........ ##. ,
,, , , ,... ##.


You could see Frances, a sun demon, a sixfirhy and a friendly balrug.

Vanquished Creatures
  Rupert (Lair:5)
  Kirke (Lair:5)
  6 dire elephants (Lair:6)
  A fire dragon (Volcano)
  3 hydras
  6 anacondas
  5 two-headed ogres
  Erica (Lair:2)
  3 shock serpents
  2 naga ritualists (Snake:2)
  3 mana vipers
  4 salamanders
  10 elephants (Lair:6)
  10 black mambas
  2 naga magi (Snake:2)
  7 spiny frogs
  The ghost of LLavrengius the Caller, a novice OpSu (D:4)
  5 komodo dragons
  A queen bee (Lair:3)
  A troll (D:10)
  A merfolk (D:9)
  Grinder (D:3)
  8 blink frogs
  7 hippogriffs
  8 wyverns
  8 fire bats (Volcano)
  A vampire (D:11)
  4 hogs (Lair:5)
  12 yaks
  A hungry ghost (D:10)
  2 steam dragons
  5 nagas
  4 water moccasins
  4 porcupines
  4 orc warriors
  4 sky beasts
  2 phantoms
  7 ogres
  An eye of draining (D:10)
  4 necrophages
  5 centaurs
  12 wolves
  12 crocodiles
  An elf zombie (D:6)
  A big kobold (Sewer)
  11 bullfrogs
  A water moccasin zombie (D:9)
  4 scorpions
  30 killer bees
  2 howler monkeys (D:8)
  An electric eel (Lair:6)
  5 crimson imps
  A centaur zombie (D:5)
  5 jellies
  4 bullfrog zombies
  3 hounds
  4 orc priests
  2 gnoll shamans
  A human zombie (Ossuary)
  6 orc wizards
  2 iguanas
  A human skeleton (D:6)
  6 worker ants
  A hound zombie (D:9)
  5 mummies (Ossuary)
  A worker ant zombie (D:9)
  10 gnolls
  10 adders
  2 river rats
  4 shadow imps
  2 oozes
  An adder zombie (D:9)
  An adder skeleton (D:9)
  5 worms
  2 dart slugs
  4 leopard geckos
  27 orcs
  2 bats (D:2)
  7 giant cockroaches
  5 hobgoblins
  18 jackals
  13 kobolds
  3 quokkas
  3 ball pythons (D:4)
  6 frilled lizards
  A gnoll zombie (Ossuary)
  6 goblins
  4 goblin zombies (Ossuary)
  A kobold zombie (Ossuary)
  2 orc skeletons (D:6)
  3 orc zombies
  12 rats
  8 fungi
  16 plants
466 creatures vanquished.

Vanquished Creatures (collateral kills)
  2 anacondas (Snake:1)
  2 naga sharpshooters (Snake:1)
  2 shock serpents (Snake:1)
  A sea snake (Snake:1)
  A salamander (Snake:1)
  2 black mambas (Snake:1)
  4 nagas (Snake:1)
  3 water moccasins (Snake:1)
  5 adders (Snake:1)
  A ball python (Snake:1)
23 creatures vanquished.

Vanquished Creatures (others)
  An ogre (Volcano)
  A bush (D:9)
  3 fungi
  11 plants
16 creatures vanquished.

Grand Total: 505 creatures vanquished

Notes
Turn   | Place    | Note
-------+----------+-------------------------------------------
     0 | D:1      | Htamos the Deep Dwarf Fighter began the quest for the Orb.
     0 | D:1      | Reached XP level 1. HP: 20/20 MP: 1/1
   231 | D:1      | Reached XP level 2. HP: 24/27 MP: 2/2
   946 | D:2      | Reached XP level 3. HP: 23/34 MP: 3/3
   983 | D:2      | Found a glowing silver altar of Zin.
  1513 | D:2      | Found a glowing golden altar of the Shining One.
  1675 | D:3      | Found a snail-covered altar of Cheibriados.
  1752 | D:3      | Reached XP level 4. HP: 28/42 MP: 4/4
  1825 | D:3      | Noticed Grinder
  1841 | D:3      | Paralysed by Grinder for 2 turns
  1856 | D:3      | Paralysed by Grinder for 7 turns
  1870 | D:3      | Paralysed by Grinder for 2 turns
  1873 | D:3      | Killed Grinder
  1873 | D:3      | Reached XP level 5. HP: 32/51 MP: 4/4
  2313 | D:4      | Reached XP level 6. HP: 35/58 MP: 5/5
  2395 | D:4      | Found a sacrificial altar of Ru.
  2420 | D:4      | Found a runed door.
  2420 | D:4      | Noticed LLavrengius's ghost (novice OpSu)
  2492 | D:4      | Killed LLavrengius's ghost
  2492 | D:4      | Reached skill level 5 in Fighting
  2492 | D:4      | Reached skill level 5 in Armour
  2492 | D:4      | Reached skill level 5 in Shields
  2492 | D:4      | Reached XP level 7. HP: 48/67 MP: 6/6
  2865 | D:4      | Found a glowing drain.
  2870 | Sewer    | Entered a sewer
  2963 | Sewer    | Found a white marble altar of Elyvilon.
  3102 | D:5      | Entered Level 5 of the Dungeon
  3108 | D:5      | Found a basalt altar of Yredelemnul.
  3158 | D:5      | Found Xuilalikk's Magic Scroll Boutique.
  3181 | D:5      | Reached skill level 5 in Axes
  3181 | D:5      | Reached XP level 8. HP: 57/76 MP: 6/6
  3185 | D:5      | Bought a scroll of enchant armour for 82 gold pieces
  3264 | D:5      | Found a hazy altar of Hepliaklqana.
  3265 | D:5      | Found an iron altar of Okawaru.
  3296 | D:5      | Found Cist's Book Emporium.
  3436 | D:5      | Found a staircase to the Ecumenical Temple.
  3484 | Temple   | Entered the Ecumenical Temple
  3573 | Temple   | Became a worshipper of Makhleb the Destroyer
  3749 | D:5      | Found Jallecener's Distillery.
  4042 | D:6      | Found a shattered altar of Ashenzari.
  4263 | D:6      | Found a sand-covered staircase.
  4269 | Ossuary  | Entered an ossuary
  4350 | Ossuary  | Reached * piety under Makhleb
  4667 | D:6      | Gained mutation: You passively map the area around you. [Deep Dwarf growth]
  4667 | D:6      | Reached XP level 9. HP: 72/86 MP: 6/6
  5787 | D:8      | Found a shadowy altar of Dithmenos.
  5955 | D:8      | Reached skill level 1 in Invocations
  5957 | D:8      | Reached ** piety under Makhleb
  6077 | D:8      | Reached skill level 2 in Invocations
  6535 | D:9      | Reached skill level 3 in Invocations
  6654 | D:9      | Noticed a merfolk
  6659 | D:9      | Killed a merfolk
  6659 | D:9      | Reached XP level 10. HP: 69/98 MP: 9/9
  6947 | D:9      | Found a blossoming altar of Fedhas.
  6972 | D:9      | Reached skill level 4 in Invocations
  7012 | D:9      | Found a hide-covered altar of Uskayaw.
  7043 | D:9      | Found a shimmering altar of Xom.
  7046 | D:9      | Found a white marble altar of Elyvilon.
  7049 | D:9      | Found an ornate altar of the Wu Jian Council.
  7715 | D:9      | Reached *** piety under Makhleb
  7778 | D:10     | Entered Level 10 of the Dungeon
  7854 | D:10     | Reached skill level 5 in Invocations
  8140 | D:10     | Noticed a two-headed ogre
  8156 | D:10     | Killed a two-headed ogre
  8303 | D:10     | Reached skill level 6 in Invocations
  8819 | D:11     | Noticed a two-headed ogre
  8834 | D:11     | Killed a two-headed ogre
  8834 | D:11     | Reached skill level 7 in Invocations
  8915 | D:11     | Reached XP level 11. HP: 94/108 MP: 11/11
  8923 | D:11     | Noticed a four-headed hydra
  8931 | D:11     | Killed a seven-headed hydra
  9173 | D:11     | Reached skill level 10 in Fighting
  9175 | D:11     | Found a staircase to the Lair.
  9773 | D:11     | Found a portal to a secret trove of treasure.
 10007 | Lair:1   | Entered Level 1 of the Lair of Beasts
 10025 | Lair:1   | Reached skill level 8 in Invocations
 10042 | Lair:1   | Got a heavily runed silver ring
 10122 | Lair:1   | Reached **** piety under Makhleb
 10290 | Lair:1   | Identified the ring "Teruarph" {+Fly Int+3} (You found it on level 1 of the Lair of Beasts)
 10525 | Lair:1   | Reached skill level 9 in Invocations
 10820 | Lair:2   | Noticed Erica
 10829 | Lair:2   | Noticed a six-headed hydra
 10831 | Lair:2   | Killed Erica
 10844 | Lair:2   | Killed a one-headed hydra
 11264 | Lair:2   | Found a dark tunnel.
 11460 | Volcano  | Entered a volcano
 11509 | Volcano  | Reached skill level 10 in Invocations
 11515 | Volcano  | Reached XP level 12. HP: 109/118 MP: 12/12
 11548 | Volcano  | Noticed a two-headed ogre
 11549 | Volcano  | Noticed a two-headed ogre
 11559 | Volcano  | Killed a two-headed ogre
 11570 | Volcano  | Killed a two-headed ogre
 11590 | Volcano  | Reached ***** piety under Makhleb
 11602 | Volcano  | Noticed a two-headed ogre
 11614 | Volcano  | Killed a two-headed ogre
 11672 | Volcano  | Reached skill level 10 in Armour
 11685 | Volcano  | Noticed a fire dragon
 11690 | Volcano  | Reached skill level 11 in Invocations
 11696 | Volcano  | Killed a fire dragon
 12061 | Lair:3   | Reached skill level 10 in Shields
 12430 | Lair:3   | Found a staircase to the Shoals.
 12453 | Lair:3   | You fall through a shaft!
 12752 | Lair:4   | Identified 2 scrolls of acquirement
 13231 | Lair:3   | Found a staircase to the Snake Pit.
 13298 | Lair:3   | Reached skill level 10 in Axes
 13715 | Lair:5   | Noticed Kirke
 13719 | Lair:5   | Noticed a sphinx
 13727 | Lair:5   | Reached skill level 12 in Invocations
 13736 | Lair:5   | Killed Kirke
 13736 | Lair:5   | Reached XP level 13. HP: 77/128 MP: 8/8
 14062 | Lair:5   | Noticed Rupert
 14065 | Lair:5   | Paralysed by Rupert for 6 turns
 14096 | Lair:5   | Killed Rupert
 14409 | Lair:6   | Entered Level 6 of the Lair of Beasts
 14490 | Lair:6   | Found a staircase to the Slime Pits.
 15092 | Lair:6   | Reached skill level 13 in Invocations
 15093 | Lair:6   | Reached ****** piety under Makhleb
 15591 | Lair:6   | Noticed a dire elephant
 15591 | Lair:6   | Noticed a dire elephant
 15597 | Lair:6   | Noticed a dire elephant
 15619 | Lair:6   | Killed a dire elephant
 15629 | Lair:6   | Killed a dire elephant
 15641 | Lair:6   | Killed a dire elephant
 15711 | Lair:6   | Noticed a dire elephant
 15736 | Lair:6   | Killed a dire elephant
 15797 | Lair:6   | Noticed a dire elephant
 15818 | Lair:6   | Killed a dire elephant
 15842 | Lair:6   | Noticed a dire elephant
 15869 | Lair:6   | Killed a dire elephant
 15936 | Snake:1  | Entered Level 1 of the Snake Pit
 15972 | Snake:1  | Reached skill level 14 in Invocations
 15972 | Snake:1  | Gained mutation: You resist negative energy. (rN+) [Deep Dwarf growth]
 15972 | Snake:1  | Reached XP level 14. HP: 95/139 MP: 6/6
 16072 | Snake:1  | Found a runed door.
 16074 | Snake:1  | Noticed WhatIsLove's ghost (journeyman HOFi)
 17075 | Snake:2  | Noticed Frances
 17096 | Snake:2  | Slain by Frances

Vault maps used:
D:1:      dpeg_arrival_rooms_a
D:2:      tso_altar, zin_academy, kennysheep_generic_room_10
D:3:      lemuel_crystal_altar, kennysheep_generic_room_14, uniq_grinder
D:4:      hangedman_ru_absence, first_ration, portal_sewer_entry_e,
          ebering_ghost_reflecting_pool, serial_bayou_lagoon_a,
          minmay_misc_feat_plants
D:5:      gammafunk_temple_overflow_pools, kennysheep_mini_moat,
          minmay_temple_entry_trees, serial_shops, nicolae_shop_trees, shop,
          shop
D:6:      ashenzari_altar_1, nicolae_ossuary_entry_catacombs
D:8:      grunt_dithmenos_smoke
D:9:      fedhas_altar_decomposition, overflow_temple_1_default,
          grunt_temple_overflow_diamond, hangedman_fish_farm,
          hangedman_abyss_or_decor_lesser_grid
D:10:     hex_tiny
D:11:     erik_lair_dragon, nicolae_trove_entry_diagonal
Temple:   compressed_dpeg_triangle_lava_temple
Lair:1:   grunt_megastairs_5, infiniplex_staircase_pool_2
Lair:2:   nicolae_volcano_entry_s_turn, ldierk_geyser, uniq_erica
Lair:3:   elwin_shoals_entry_rocks, guppyfry_snake_entry_garden, special_room
Lair:5:   grunt_megastairs_2, uniq_kirke, uniq_rupert
Lair:6:   due_jungle_book, minmay_slime_entry_oklob_open, lookout_lair_type,
          serial_bayou_shore_a, minmay_lair_oklob_chamber
Snake:1:  ebering_ghost_inner_flame, serial_bayou_pond_d, nicolae_snake_springs
Snake:2:  dpeg_oklob_gauntlet, uniq_frances
Sewer:    sewer_kobolds
Ossuary:  ossuary_crypta
Volcano:  pf_volcano_lost_world

Skill      XL: |  1  2  3  4  5  6  7  8  9 10 11 12 13 14 |
---------------+-------------------------------------------+-----
Fighting       | 3 4 5 6 7 8 9 10 11 12 13 | 13.3
Axes           | 3 4 5 6 7 8 9 10 11 | 11.4
Armour         | 4 5 6 7 8 9 10 11 | 11.7
Shields        | 4 5 6 7 8 9 10 11 12 | 12.1
Invocations    | 3 7 10 12 14 | 14.8

Action                   |  1- 3 |  4- 6 |  7- 9 | 10-12 | 13-15 || total
-------------------------+-------+-------+-------+-------+-------++-------
Melee: War axe           |   145 |    99 |   496 |   600 |   164 ||  1504
       Hand axe          |       |       |       |    10 |     7 ||    17
       Broad axe         |       |       |       |       |   365 ||   365
Invok: Greater Servant o |       |       |       |       |     3 ||     3
 Abil: Heal Wounds       |       |     3 |     8 |    25 |    59 ||    95
Evoke: Wand              |       |       |       |     2 |    14 ||    16
  Use: Scroll            |     1 |       |       |    35 |    10 ||    46
       Potion            |       |       |       |     1 |     6 ||     7
 Stab: Paralysed         |       |       |       |       |     2 ||     2
  Eat: Chunk             |     3 |     3 |    11 |    22 |    12 ||    51
       Ration            |       |       |     1 |     3 |       ||     4
Armor: Scale mail        |    37 |       |       |       |       ||    37
       Plate armour      |    38 |    62 |   239 |   339 |   214 ||   892
Dodge: Dodged            |    36 |     9 |    37 |   100 |    52 ||   234
Block: Shield            |    64 |       |       |       |       ||    64
       Large shield      |    24 |   100 |   465 |   788 |   825 ||  2202

Table legend:
 A = Spawn XP
 B = Non-spawn XP
 C = Spawn XP percentage of total XP
 D = Spawn monster count
 E = Non-spawn monster count
 F = Spawn count percentage of total count
 G = Total turns spent on level
                    A         B        C        D         E        F      G
               +---------+---------+-------+---------+---------+-------+---------
         Total |       0 |   81909 |   0.0 |       0 |     466 |   0.0 | 17096
               +---------+---------+-------+---------+---------+-------+---------
           D:1 |       0 |      36 |   0.0 |       0 |      23 |   0.0 |   888
           D:2 |       0 |      52 |   0.0 |       0 |      23 |   0.0 |   748
           D:3 |       0 |     280 |   0.0 |       0 |      10 |   0.0 |   636
           D:4 |       0 |     737 |   0.0 |       0 |      27 |   0.0 |   695
           D:5 |       0 |     604 |   0.0 |       0 |      23 |   0.0 |   752
           D:6 |       0 |     911 |   0.0 |       0 |      30 |   0.0 |   544
           D:7 |       0 |    1267 |   0.0 |       0 |      17 |   0.0 |  1138
           D:8 |       0 |     830 |   0.0 |       0 |      13 |   0.0 |   994
           D:9 |       0 |    1682 |   0.0 |       0 |      26 |   0.0 |  1309
          D:10 |       0 |    2595 |   0.0 |       0 |      19 |   0.0 |   873
          D:11 |       0 |    3822 |   0.0 |       0 |      27 |   0.0 |   950
        Lair:1 |       0 |    3998 |   0.0 |       0 |      18 |   0.0 |   813
        Lair:2 |       0 |    3329 |   0.0 |       0 |      10 |   0.0 |   697
        Lair:3 |       0 |    3523 |   0.0 |       0 |      34 |   0.0 |   933
        Lair:4 |       0 |    1742 |   0.0 |       0 |      10 |   0.0 |   709
        Lair:5 |       0 |    7900 |   0.0 |       0 |      15 |   0.0 |   779
        Lair:6 |       0 |   18430 |   0.0 |       0 |      40 |   0.0 |  1472
       Snake:1 |       0 |   10261 |   0.0 |       0 |      34 |   0.0 |   590
       Snake:2 |       0 |   10812 |   0.0 |       0 |      18 |   0.0 |   570
         Sewer |       0 |     121 |   0.0 |       0 |       9 |   0.0 |   137
       Ossuary |       0 |     135 |   0.0 |       0 |      13 |   0.0 |   238
       Volcano |       0 |    8842 |   0.0 |       0 |      27 |   0.0 |   526
               +---------+---------+-------+---------+---------+-------+---------
